 Dungeon Crawl Stone Soup version 0.21.1-1-g345015f (webtiles) character file.

9636 Wander the Spear-Bearer (level 11, -3/87 HPs)
             Began as a Human Wanderer on Mar 9, 2018.
             Was a High Priest of Okawaru.
             Killed from afar by a raiju (15 damage)
             ... with a living lightning
             ... on level 2 of the Abyss.
             The game lasted 00:46:08 (13414 turns).

Wander the Spear-Bearer (Human Wanderer)           Turns: 13414, Time: 00:46:09

Health: -3/87      AC:  8    Str: 11    XL:     11   Next: 78%
Magic:  11/11      EV: 22    Int: 11    God:    Okawaru [*****.]
Gold:   170        SH:  6    Dex: 23    Spells: 7/10 levels left

rFire    . . .     SeeInvis .   a - +3 spear
rCold    + . .     Gourm    +   U - +0 buckler of Somewhere Else {Dex+4 Stlth+}
rNeg     . . .     Faith    .   B - +2 leather armour {rC+}
rPois    .         Spirit   .   (no helmet)
rElec    .         Reflect  .   M - +1 cloak
rCorr    .         Harm     .   (no gloves)
MR       .....                  r - +0 pair of boots
Stlth    +++.......             s - amulet of the gourmand
HPRegen  0.24/turn              g - +2 ring of evasion
MPRegen  0.12/turn              (no ring)

@: about to teleport
A: no striking features
a: Heroism, Finesse, Renounce Religion


You were on level 2 of the Abyss.
You worshipped Okawaru.
Okawaru was extremely pleased with you.
You were full.

You visited 1 branch of the dungeon, and saw 9 of its levels.
You visited the Abyss 1 time.

You collected 452 gold pieces.
You spent 282 gold pieces at shops.

Inventory:

Hand Weapons
 a - a +3 spear (weapon)
 e - a +0 dagger
 y - a +1 mace of protection
 z - a +1 whip of freezing
 J - a +0 hand crossbow
Missiles
 N - 47 bolts
 S - 2 curare-tipped needles
Armour
 r - a +0 pair of boots (worn)
 w - a +0 buckler
 B - a +2 leather armour of cold resistance (worn)
 M - a +1 cloak (worn)
 T - a +0 troll leather armour
 U - the +0 buckler of Somewhere Else (worn) {Dex+4 Stlth+}
   (Okawaru gifted it to you on level 9 of the Dungeon)

   It affects your dexterity (+4).
   It makes you more stealthy.
Jewellery
 g - a +2 ring of evasion (left hand)
 s - an amulet of the gourmand (around neck)
 L - an uncursed ring of fire
 O - a cursed amulet of inaccuracy {unknown}
 R - the amulet "Kewa" {RegenMP rElec MR+ Dex+3 SInv}
   (You found it on level 8 of the Dungeon)

   [amulet of magic regeneration]

   It increases your magic regeneration.
   It affects your dexterity (+3).
   It insulates you from electricity.
   It affects your resistance to hostile enchantments.
   It lets you see invisible.
Wands
 b - a wand of iceblast (6)
 F - a wand of flame (15)
Scrolls
 d - 2 scrolls of noise
 j - 8 scrolls of identify
 k - a scroll of fog
 l - a scroll of fear {unknown}
 m - 4 scrolls of amnesia
 p - 2 scrolls of enchant weapon
 q - a scroll of enchant armour {unknown}
 u - a scroll of teleportation
 v - 2 scrolls of remove curse
 x - 5 scrolls of magic mapping {unknown}
 G - 2 scrolls of immolation
 K - a scroll of blinking {unknown}
 Q - a scroll of summoning {unknown}
 V - a scroll of vulnerability {unknown}
Potions
 c - 2 potions of curing
 h - a potion of mutation {unknown}
 i - a potion of ambrosia {unknown}
 n - a potion of might
 o - a potion of brilliance {unknown}
 t - a potion of resistance
 C - 5 potions of haste
 D - 5 potions of flight {unknown}
 I - a potion of berserk rage {unknown}
 P - a potion of agility {unknown}
Books
 A - a book of Callings

   Spells                             Type                      Level
   a - Summon Small Mammal            Summoning                    1
   b - Call Imp                       Summoning                    2
   c - Call Canine Familiar           Summoning                    3
   d - Summon Guardian Golem          Hexes/Summoning              3
   e - Summon Lightning Spire         Summoning/Air                4
   f - Summon Ice Beast               Ice/Summoning                4
 E - a book of Air

   Spells                             Type                      Level
   a - Shock                          Conjuration/Air              1
   b - Swiftness                      Charms/Air                   2
   c - Static Discharge               Conjuration/Air              3
   d - Airstrike                      Air                          4
   e - Lightning Bolt                 Conjuration/Air              5
 H - a book of Frost

   Spells                             Type                      Level
   a - Freeze                         Ice                          1
   b - Throw Frost                    Conjuration/Ice              2
   c - Ozocubu's Armour               Charms/Ice                   3
   d - Throw Icicle                   Conjuration/Ice              4
   e - Summon Ice Beast               Ice/Summoning                4
Comestibles
 f - 20 rations


   Skills:
 + Level 8.6 Fighting
 - Level 12.0 Polearms
 - Level 2.0 Crossbows
 * Level 9.7 Dodging
 - Level 2.0 Stealth
 - Level 4.2 Shields
 - Level 1.0 Summonings


You had 7 spell levels left.
You knew the following spells:

 Your Spells              Type           Power        Failure   Level  Hunger
a - Summon Small Mammal   Summ           #...         30%         1    ##.....
b - Swiftness             Chrm/Air       #.......     56%         2    ###....


Dungeon Overview and Level Annotations

Branches:
Dungeon (9/15)             Temple (0/1) D:6
   Lair: D:8-11         Orc: D:9-12

Altars:
Cheibriados
Fedhas
Kikubaaqudgha
Makhleb
Okawaru
Sif Muna
Trog
Uskayaw
Wu Jian
Zin
The Shining One

Shops:
D:5 !   D:8 *

Annotations:
D:9 Erolcha


Message History

The living lightning hits you!
* * * LOW HITPOINT WARNING * * *
The raiju blinks!
The vault sentinel blows a loud note on a signal horn!
You hear a bark!
You hear a shout!
The raiju bursts into living lightning!
The living lightning hits you!
* * * LOW HITPOINT WARNING * * *
The raiju blinks!
Unknown command.
The raiju closely misses you.
As you read the scroll of teleportation, it crumbles to dust.
You feel strangely unstable.
You feel the power of the Abyss delaying your translocation!
The raiju bursts into living lightning!
The living lightning misses you.
The raiju blinks!
The worldbinder calls forth creatures from the Vaults!
The raiju bursts into living lightning!
The living lightning hits you!
You die...

# #. .# # . ##.#
###. ##.# #
#..##...# ##.
#.#..#...##...
########h.@.ยง..#..#
#...#..##..#x#...#
### #.#..####.p#..#
#..#.. ######.#.# #
#..##G##...##.... #
.##.##.#.. .#....#
#.##...G..px..######
#..##.#....ch.p## .
# ..# #.#.x.##..###


You could see an ironheart preserver, a worldbinder and a raiju.

Vanquished Creatures
  3 two-headed ogres
  Pikel (D:4)
  An orange demon (Abyss:2)
  A troll (D:8)
  A large abomination (Abyss:2)
  A small abomination (Abyss:2)
  A chaos spawn (Abyss:2)
  A hungry ghost (D:8)
  Menkaure (D:7)
  3 vampire mosquitoes (D:9)
  9 insubstantial wisps (Abyss:2)
  3 phantoms
  2 ice beasts (D:5)
  2 black bears (D:8)
  4 orc warriors
  A sky beast (D:8)
  6 ogres
  5 centaurs
  6 big kobolds
  6 bullfrogs
  A wyvern skeleton (D:9)
  3 scorpions
  6 killer bees
  A howler monkey (D:5)
  A crimson imp (D:9)
  2 quasits
  2 centaur zombies (D:7)
  4 hounds
  A bullfrog skeleton (D:5)
  3 jellies
  Crazy Yiuf (D:7)
  3 orc priests
  9 orc wizards
  An iguana (D:5)
  An iron imp (Abyss:2)
  5 worker ants
  3 hound skeletons
  A howler monkey zombie (D:6)
  7 gnolls
  10 adders
  2 shadow imps
  A white imp (Abyss:2)
  An ufetubus (Abyss:2)
  3 worms
  A dart slug (D:3)
  6 leopard geckos
  50 orcs
  4 giant cockroaches
  5 goblins
  7 hobgoblins
  16 jackals
  5 quokkas
  4 ball pythons
  8 bats
  5 frilled lizards
  50 kobolds
  A leopard gecko skeleton (D:5)
  A quokka skeleton (D:7)
  A quokka zombie (D:8)
  6 rats
300 creatures vanquished.

Vanquished Creatures (others)
  Eustachio (D:4)
  A slave (D:4)
  An orc (D:4)
  A jackal skeleton (D:4)
  11 starspawn tentacles (Abyss:2)
15 creatures vanquished.

Grand Total: 315 creatures vanquished

Notes
Turn   | Place    | Note
-------+----------+-------------------------------------------
     0 | D:1      | Wander the Human Wanderer began the quest for the Orb.
     0 | D:1      | Wander set off with: a +2 spear, a potion of lignification, a potion of curing, a +0 robe, a +0 dagger, a ration
     0 | D:1      | Reached XP level 1. HP: 18/18 MP: 1/1
    67 | D:1      | Reached skill level 1 in Polearms
   207 | D:1      | Reached XP level 2. HP: 24/24 MP: 2/2
   241 | D:1      | Reached skill level 2 in Polearms
   702 | D:2      | Found an ancient bone altar of Kikubaaqudgha.
   705 | D:2      | Found a burning altar of Makhleb.
   715 | D:2      | Found a blossoming altar of Fedhas.
   723 | D:2      | Found an iron altar of Okawaru.
   732 | D:2      | Became a worshipper of Warmaster Okawaru
   780 | D:2      | Reached XP level 3. HP: 29/29 MP: 3/3
   964 | D:2      | Reached skill level 3 in Polearms
  1126 | D:2      | Found a burning altar of Makhleb.
  1126 | D:2      | Noticed a blizzard demon
  1131 | D:2      | Noticed a smoke demon
  1131 | D:2      | Noticed an orange demon
  1351 | D:3      | Reached XP level 4. HP: 26/35 MP: 4/4
  1433 | D:3      | Reached skill level 4 in Polearms
  1489 | D:3      | Reached XP level 5. HP: 37/41 MP: 5/5
  1497 | D:3      | Noticed a big kobold
  1518 | D:3      | Killed a big kobold
  1518 | D:3      | Reached * piety under Okawaru
  1518 | D:3      | Reached skill level 5 in Polearms
  1767 | D:3      | Noticed a big kobold
  1830 | D:3      | Killed a big kobold
  1830 | D:3      | Reached XP level 6. HP: 32/47 MP: 6/6
  2036 | D:3      | Reached skill level 6 in Polearms
  2441 | D:3      | Found a glowing golden altar of the Shining One.
  2511 | D:3      | Learned a level 1 spell: Summon Small Mammal
  2917 | D:3      | Reached XP level 7. HP: 42/52 MP: 7/7
  3014 | D:3      | Reached ** piety under Okawaru
  3014 | D:3      | Reached skill level 7 in Polearms
  4110 | D:4      | Noticed Pikel
  4148 | D:4      | Killed Pikel
  4148 | D:4      | Reached *** piety under Okawaru
  4148 | D:4      | Reached skill level 9 in Polearms
  4148 | D:4      | Reached XP level 8. HP: 33/58 MP: 8/8
  4245 | D:4      | Killed Eustachio
  4293 | D:4      | Found a glowing silver altar of Zin.
  4878 | D:5      | Entered Level 5 of the Dungeon
  5157 | D:5      | Found an ornate altar of the Wu Jian Council.
  5214 | D:5      | Found Feomunira's Distillery.
  5220 | D:5      | Bought 2 potions of haste for 200 gold pieces
  5220 | D:5      | Bought a potion of might for 40 gold pieces
  5281 | D:5      | Reached XP level 9. HP: 60/63 MP: 9/9
  5353 | D:5      | Reached skill level 10 in Polearms
  5482 | D:5      | Found a snail-covered altar of Cheibriados.
  5575 | D:5      | Found a glowing golden altar of the Shining One.
  5773 | D:5      | Found a deep blue altar of Sif Muna.
  6292 | D:6      | Found a staircase to the Ecumenical Temple.
  6409 | D:6      | Reached **** piety under Okawaru
  6639 | D:7      | Reached skill level 1 in Summonings
  6863 | D:7      | Learned a level 2 spell: Swiftness
  6945 | D:7      | Found a hide-covered altar of Uskayaw.
  7283 | D:7      | Noticed Menkaure
  7289 | D:7      | Killed Menkaure
  7289 | D:7      | Reached skill level 1 in Crossbows
  7597 | D:8      | Reached skill level 5 in Dodging
  8120 | D:7      | Reached XP level 10. HP: 64/71 MP: 10/10
  8560 | D:7      | Found a runed door.
  8675 | D:7      | Noticed Crazy Yiuf
  8684 | D:7      | Killed Crazy Yiuf
  8684 | D:7      | Reached skill level 11 in Polearms
  8985 | D:6      | Received a gift from Okawaru
  9527 | D:5      | Reached skill level 5 in Fighting
 10756 | D:8      | Noticed a two-headed ogre
 10776 | D:8      | Killed a two-headed ogre
 10972 | D:8      | Found Conn's General Store.
 10975 | D:8      | Bought a scroll of immolation for 42 gold pieces
 10985 | D:8      | Reached skill level 12 in Polearms
 11205 | D:8      | Found a bloodstained altar of Trog.
 11479 | D:8      | Noticed a two-headed ogre
 11498 | D:8      | Killed a two-headed ogre
 11498 | D:8      | Received a gift from Okawaru
 11498 | D:8      | Reached XP level 11. HP: 59/83 MP: 9/11
 11507 | D:8      | Got a clouded graven amulet
 11512 | D:8      | Identified the amulet "Kewa" {RegenMP rElec MR+ Dex+3 SInv} (You found it on level 8 of the Dungeon)
 12171 | D:9      | Reached ***** piety under Okawaru
 12175 | D:9      | Noticed a two-headed ogre
 12197 | D:9      | Killed a two-headed ogre
 12235 | D:9      | Received a gift from Okawaru
 12248 | D:9      | Got a steaming buckler {god gift}
 12259 | D:9      | Identified the +0 buckler of Somewhere Else {Dex+4 Stlth+} (Okawaru gifted it to you on level 9 of the Dungeon)
 12422 | D:9      | Noticed Erolcha
 12560 | D:9      | Cast into level 2 of the Abyss (Erolcha)
 12636 | Abyss:2  | Noticed a starcursed mass
 12774 | Abyss:2  | Noticed a sixfirhy
 12776 | Abyss:2  | Noticed a wizard
 12807 | Abyss:2  | Noticed a purple very ugly thing
 12807 | Abyss:2  | Noticed a purple ugly thing
 12808 | Abyss:2  | Noticed a purple very ugly thing
 12829 | Abyss:2  | Noticed a tentacled starspawn
 12850 | Abyss:2  | Noticed a tentacled starspawn
 12878 | Abyss:2  | Noticed a spatial maelstrom
 12881 | Abyss:2  | Noticed a starcursed mass
 12954 | Abyss:2  | Noticed a tentacled monstrosity
 13019 | Abyss:2  | HP: 1/86 [large abomination (31)]
 13068 | Abyss:2  | Noticed a worldbinder
 13099 | Abyss:2  | Noticed a hell knight
 13199 | Abyss:2  | Noticed a purple draconian
 13243 | Abyss:2  | HP: 4/87 [insubstantial wisp (5)]
 13254 | Abyss:2  | HP: 4/87 [orange demon (2)]
 13317 | Abyss:2  | Noticed a worldbinder
 13379 | Abyss:2  | Noticed a glowing orange brain
 13404 | Abyss:2  | Noticed a worldbinder
 13414 | Abyss:2  | Killed from afar by a raiju

Skill      XL: |  1  2  3  4  5  6  7  8  9 10 11 |
---------------+----------------------------------+-----
Polearms       | 1 2 3 4 5 6 9 10 12 | 12.0
Shields        | 2 3 4 |  4.2
Summonings     | 1 |  1.0
Crossbows      | 2 |  2.0
Fighting       | 4 6 8 |  8.6
Dodging        | 5 7 9 |  9.7
Stealth        | |  2.0

Action                   |  1- 3 |  4- 6 |  7- 9 | 10-12 || total
-------------------------+-------+-------+-------+-------++-------
Melee: Spear             |    97 |   240 |   688 |   887 ||  1912
Invok: Heroism           |       |       |       |     4 ||     4
Evoke: Wand              |       |       |     5 |       ||     5
  Use: Scroll            |       |     2 |     2 |     8 ||    12
       Potion            |       |       |     1 |     9 ||    10
 Stab: Sleeping          |     6 |     3 |    10 |    10 ||    29
       Distracted        |     1 |     1 |     2 |     3 ||     7
  Eat: Chunk             |     1 |    13 |    24 |    21 ||    59
Armor: Robe              |     1 |       |       |       ||     1
       Leather armour    |     4 |    23 |    74 |    57 ||   158
       Skin              |       |       |     3 |     1 ||     4
Dodge: Dodged            |    47 |   113 |   254 |   335 ||   749
Block: Buckler           |       |    13 |    97 |   114 ||   224
